 Dungeon Crawl Stone Soup version 0.27.0-1-g7a089689b8 (webtiles) character file.

Game seed: 14812490441588857751

9891 inmateoo the Tainter (level 11, -5/96 HPs)
             Began as an Octopode Venom Mage on Aug 2, 2021.
             Was a Follower of Hepliaklqana.
             Slain by a manticore (9 damage)
             ... on level 13 of the Dungeon.
             The game lasted 00:23:50 (13614 turns).

inmateoo the Tainter (Octopode Venom Mage)         Turns: 13614, Time: 00:23:50

Health: -5/96      AC: 29    Str:  8    XL:     11   Next: 53%
Magic:  0/30       EV:  2    Int: 21    God:    Hepliaklqana [*.....]
Gold:   474        SH:  0    Dex: 14    Spells: 13/23 levels left

rFire    . . .     SeeInvis +   l - +9 long sword of Domination {venom, Dex+2 SInv}
rCold    . . .     Faith    .   (no shield)
rNeg     + + +     Spirit   +   (helmet currently unavailable)
rPois    +         Reflect  .   b - amulet of guardian spirit
rElec    .         Harm     .   h - +4 ring of protection
rCorr    .         Rampage  .   A - ring of magical power
Will     .....     NoTele   +   (no ring)
Stlth    ++++......             (no ring)
HPRegen  0.26/turn              (no ring)
MPRegen  0.22/turn              (no ring)
                                (no ring)
                                (no ring)

@: tree-form
A: stationary, stasis, torment immunity, boosted hp, reduced essence, almost no
armour, (amphibious), 8 rings, (camouflage 1), (gelatinous body 1), (nimble
swimmer 1), (tentacles)
a: Renounce Religion, Recall Ancestor, Ancestor Identity


You were on level 13 of the Dungeon.
You worshipped Hepliaklqana.
Hepliaklqana was aware of your devotion.
You were a tree.
You visited 2 branches of the dungeon, and saw 13 of its levels.

You collected 474 gold pieces.

Inventory:

Hand Weapons
 l - the +9 long sword of Domination (weapon) {venom, Dex+2 SInv}
   (You found it on level 6 of the Dungeon)

   It poisons the flesh of those it strikes.
   Dex:       It affects your dexterity (+2).
   SInv:      It lets you see invisible.
Missiles
 o - 2 throwing nets
Jewellery
 b - an amulet of guardian spirit (around neck)
 h - a +4 ring of protection (left branch)
 q - a ring of ice
 A - a ring of magical power (right branch)
Wands
 a - a wand of polymorph (12)
 y - a wand of acid (6)
Scrolls
 d - 3 scrolls of amnesia
 e - 2 scrolls of enchant armour
 g - a scroll of fog
 n - 4 scrolls of identify
 p - 4 scrolls of teleportation
 s - a scroll of enchant weapon {unknown}
Potions
 c - a potion of resistance
 i - a potion of haste
 j - a potion of invisibility
 k - a potion of ambrosia
 m - a potion of might
 t - a potion of magic {unknown}
 u - a potion of degeneration {unknown}
 v - a potion of attraction {unknown}
 w - a potion of cancellation {unknown}
 x - a potion of brilliance {unknown}
 z - a potion of curing {unknown}


   Skills:
 + Level 5.9 Fighting
 + Level 6.7 Dodging
 + Level 8.2 Stealth
 + Level 5.8 Unarmed Combat
 + Level 6.6 Spellcasting
 - Level 2.0 Conjurations
 - Level 5.0 Transmutations
 - Level 3.0 Air Magic
 - Level 10.0 Poison Magic
 + Level 5.3 Evocations


You had 13 spell levels left.
You knew the following spells:

 Your Spells              Type           Power      Damage    Failure   Level
a - Sting                 Tmut/Pois      100%       1d8       1%          1
b - Poisonous Vapours     Pois/Air       68%        N/A       1%          2
c - Olgreb's Toxic Radia  Pois           49%        N/A       1%          4
d - Mephitic Cloud        Conj/Pois/Air  28%        N/A       3%          3

Your spell library contained the following spells:

 Spells                   Type           Power      Damage    Failure   Level
 Corpse Rot               Necr/Air       N/A        N/A       8%          2
 Summon Small Mammal      Summ           28%        N/A       9%          1
 Slow                     Hex            7%         N/A       14%         2
 Call Canine Familiar     Summ           7%         N/A       26%         3
 Confusing Touch          Hex            7%         N/A       26%         3
 Summon Guardian Golem    Hex/Summ       7%         N/A       26%         3
 Yara's Violent Unravell  Hex/Tmut       8%         3d5       65%         5
 Freezing Cloud           Conj/Ice/Air   7%         6-21      77%         5


Dungeon Overview and Level Annotations

Branches:
Dungeon (13/15)            Temple (1/1) D:6            Lair (0/6) D:9
    Orc: D:9-12      Vaults: D:13-14

Altars:
Ashenzari
Cheibriados
Dithmenos
Elyvilon
Fedhas
Gozag
Hepliaklqana
Kikubaaqudgha
Makhleb
Nemelex Xobeh
Okawaru
Qazlal
Ru
Sif Muna
Trog
Uskayaw
Vehumet
Wu Jian
Xom
Yredelemnul
Zin
The Shining One
Lugonu

Shops:
D:13 (

Annotations:
D:5 exclusion: phantom
D:7 Joseph
D:13 exclusion: catoblepas


Innate Abilities, Weirdness & Mutations

You are a tree.
Your roots penetrate the ground, keeping you stationary.
You cannot be teleported.
You are immune to unholy pain and torment.
Your maximum health is greatly increased.
Your life essence is reduced to manifest your ancestor. (-10% HP)
You cannot wear most types of armour.
((You are amphibious.))
You can wear up to eight rings at the same time.
((Your skin changes colour to match your surroundings (Stealth+).))
((Your rubbery body absorbs attacks. (AC +1, EV +1)))
((You are camouflaged near water. (Stealth+)))
((You have tentacles for arms and can constrict up to eight enemies at once.))


Message History

* * * LOW HITPOINT WARNING * * *
The manticore claws you but does no damage. x2
The fire elemental barely misses you.
Okay, then.
Okay, then.
Aiming: Corrosive Bolt
Press: ? - help, Shift-Dir - straight line, f/p - deep elf pyromancer
Aim: a deep elf pyromancer, wielding a +0 rapier and wearing a +0 leather armour (moderately wounded, very poisoned, 64% to hit)
The bolt of acid hits the deep elf pyromancer!
The deep elf pyromancer is splashed with acid!
The deep elf pyromancer is severely wounded.
You are covered in liquid flames!
* * * LOW HITPOINT WARNING * * *
You are no longer on fire.
The fire elemental barely misses you.
The deep elf pyromancer hits you but does no damage.
The manticore bites you.
* * * LOW HITPOINT WARNING * * *
The manticore claws you but does no damage. x2
Unknown command.
Aiming: Corrosive Bolt
Press: ? - help, Shift-Dir - straight line, f/p - deep elf pyromancer
Aim: a deep elf pyromancer, wielding a +0 rapier and wearing a +0 leather armour (severely wounded, very poisoned, 64% to hit)
The bolt of acid misses the deep elf pyromancer.
The blink frog blinks!
The fire elemental hits you. The fire elemental burns you!
* * * LOW HITPOINT WARNING * * *
The deep elf pyromancer hits you but does no damage.
The manticore completely misses you.
The manticore claws you but does no damage.
The manticore completely misses you.
Aiming: Corrosive Bolt
Press: ? - help, Shift-Dir - straight line, f/p - deep elf pyromancer
Aim: a deep elf pyromancer, wielding a +0 rapier and wearing a +0 leather armour (severely wounded, very poisoned, 64% to hit)
The bolt of acid hits the deep elf pyromancer!
The deep elf pyromancer is splashed with acid.
You kill the deep elf pyromancer!
The fire elemental disappears in a puff of smoke!
The manticore bites you!
You die...

#.# #.# #.# #.######
#.###>.....##########
+......F.............
#.###......##########
#.###......#
#..H♣../...#
#..)§......#
#..§○..#####
###########......#
#.........#.......#
#..^......#.....#.#
#.........#.....#..#
###.........#.....##.#
..'.........#.....# .#


You could see a manticore (very poisoned) and a blink frog.

Vanquished Creatures
  A centaur warrior (D:13)
  2 two-headed ogres
  A deep elf pyromancer (D:13)
  A cyclops (D:13)
  Psyche (D:9)
  A troll (D:9)
  Prince Ribbit (D:7)
  Sigmund (D:4)
  A shadow (D:13)
  2 water elementals (D:13)
  2 wyverns
  11 yaks
  A wraith (D:9)
  2 steam dragons
  2 wargs (D:9)
  A black bear (D:4)
  3 orc warriors
  3 ice beasts
  3 ogres
  2 necrophages
  A centaur (D:8)
  3 phantoms
  4 bullfrogs
  3 gnoll sergeants
  A water moccasin zombie (D:5)
  A scorpion (D:5)
  A water moccasin skeleton (D:5)
  3 wights (D:6)
  13 killer bees
  6 howler monkeys
  2 electric eels (D:13)
  6 orc priests
  2 bullfrog skeletons
  2 gnoll shamans
  3 hounds
  3 iguanas
  3 orc wizards
  3 adders
  17 gnolls
  A river rat (D:4)
  A shadow imp (D:8)
  A white imp (D:4)
  An ufetubus (D:5)
  3 worms
  2 dart slugs
  17 orcs
  5 bats
  4 endoplasms
  2 giant cockroaches
  9 goblins
  7 hobgoblins
  19 jackals
  6 kobolds
  2 quokkas
  5 ball pythons
  4 frilled lizards
  8 rats
  A spectral orc (D:9)
217 creatures vanquished.

Vanquished Creatures (others)
  A sky beast (D:4)
  2 ancestors (D:13)
3 creatures vanquished.

Grand Total: 220 creatures vanquished

Notes
Turn   | Place    | Note
-------+----------+-------------------------------------------
     0 | D:1      | inmateoo the Octopode Venom Mage began the quest for the
                  | Orb.
     0 | D:1      | Reached XP level 1. HP: 11/11 MP: 3/3
    57 | D:1      | Found a faded altar of an unknown god.
   124 | D:1      | Reached skill level 1 in Fighting
   128 | D:1      | Reached XP level 2. HP: 14/18 MP: 0/5
   693 | D:1      | Reached XP level 3. HP: 23/23 MP: 2/6
   860 | D:1      | Reached skill level 4 in Poison Magic
  1221 | D:1      | Learned a level 2 spell: Poisonous Vapours
  2298 | D:3      | Reached XP level 4. HP: 24/29 MP: 5/7
  2318 | D:3      | Learned a level 4 spell: Olgreb's Toxic Radiance
  2599 | D:3      | HP: 2/43 [poisoned by an adder]
  3380 | D:3      | Found a shimmering blue altar of Sif Muna.
  3609 | D:4      | Noticed an ogre
  3644 | D:4      | Noticed a phantom
  3829 | D:4      | Reached XP level 5. HP: 22/34 MP: 9/9
  3911 | D:4      | Killed an ogre
  3912 | D:4      | Reached skill level 5 in Poison Magic
  4142 | D:4      | Noticed a phantom
  4151 | D:4      | Noticed a necrophage
  4222 | D:4      | Reached XP level 6. HP: 39/39 MP: 8/10
  4271 | D:4      | Found an iron altar of Okawaru.
  4282 | D:4      | Noticed a sky beast
  4333 | D:4      | Killed a sky beast
  4369 | D:4      | Noticed a black bear
  4378 | D:5      | Entered Level 5 of the Dungeon
  4462 | D:5      | Noticed a necrophage
  4462 | D:5      | Noticed an ice beast
  4638 | D:5      | Found a basalt altar of Yredelemnul.
  4653 | D:5      | Noticed an ice beast
  4676 | D:5      | Reached skill level 1 in Unarmed Combat
  4974 | D:6      | Noticed an orc warrior
  5233 | D:5      | Reached XP level 7. HP: 45/45 MP: 7/12
  5301 | D:5      | Found a glowing silver altar of Zin.
  5886 | D:4      | Noticed Sigmund
  5902 | D:4      | Killed Sigmund
  5903 | D:4      | Reached XP level 8. HP: 42/52 MP: 2/13
  5961 | D:4      | Reached skill level 6 in Poison Magic
  6008 | D:4      | Found a broken altar of Ashenzari.
  6685 | D:5      | Found an ornate altar of the Wu Jian Council.
  6965 | D:6      | Identified the +9 long sword of Domination {venom, Dex+2
                  | SInv}
  6985 | D:6      | Reached skill level 1 in Air Magic
  6985 | D:6      | Reached skill level 1 in Evocations
  7419 | D:5      | Reached skill level 5 in Stealth
  7419 | D:5      | Reached XP level 9. HP: 41/57 MP: 11/15
  7758 | D:6      | Found a staircase to the Ecumenical Temple.
  7769 | Temple   | Entered the Ecumenical Temple
  8278 | D:6      | Found a stormy altar of Qazlal.
  8278 | D:6      | Found a sacrificial altar of Ru.
  8286 | D:6      | Found a white marble altar of Elyvilon.
  8288 | D:6      | Found a faded altar of an unknown god.
  8290 | D:6      | Found an opulent altar of Gozag.
  8445 | D:6      | Found a glowing golden altar of the Shining One.
  8740 | D:7      | Reached skill level 7 in Poison Magic
  8823 | D:7      | Reached skill level 5 in Transmutations
  8898 | D:7      | Noticed Prince Ribbit
  8906 | D:7      | Killed Prince Ribbit
  8907 | D:7      | Reached skill level 5 in Dodging
  9039 | D:7      | Reached skill level 5 in Spellcasting
  9082 | D:7      | Reached skill level 8 in Poison Magic
  9353 | D:7      | Noticed Joseph
  9656 | D:8      | Found a blossoming altar of Fedhas.
  9875 | D:8      | Reached skill level 9 in Poison Magic
 10021 | D:8      | Identified the +1 dagger of Uncertain Death {flame, rElec}
 10062 | D:8      | Reached XP level 10. HP: 51/63 MP: 8/17
 10496 | D:9      | Noticed Psyche
 10513 | D:9      | Killed Psyche
 10583 | D:9      | Learned a level 3 spell: Mephitic Cloud
 11067 | D:9      | Found a staircase to the Lair.
 11094 | D:9      | Reached skill level 5 in Fighting
 11110 | D:9      | Reached skill level 5 in Unarmed Combat
 11129 | D:9      | Reached skill level 10 in Poison Magic
 11402 | D:9      | Found a hazy altar of Hepliaklqana.
 11609 | D:9      | Found a burning altar of Makhleb.
 11845 | D:9      | Became a worshipper of Hepliaklqana the Forgotten
 11860 | D:10     | Entered Level 10 of the Dungeon
 11878 | D:10     | Noticed a two-headed ogre
 11976 | D:9      | Reached skill level 1 in Conjurations
 11976 | D:9      | Reached XP level 11. HP: 65/71 MP: 16/20
 12163 | D:9      | Killed a two-headed ogre
 12453 | D:10     | Noticed a two-headed ogre
 12465 | D:10     | Killed a two-headed ogre
 12560 | D:10     | Found a radiant altar of Vehumet.
 12578 | D:10     | Found a snail-covered altar of Cheibriados.
 12584 | D:10     | You fall into a shaft and drop 3 floors!
 12584 | D:13     | Found Wifoew's Weapon Shoppe.
 12623 | D:12     | Reached * piety under Hepliaklqana
 12748 | D:13     | Reached skill level 5 in Evocations
 12909 | D:13     | Noticed a catoblepas
 12978 | D:13     | Noticed a cyclops
 12984 | D:13     | Killed a cyclops
 13143 | D:13     | Noticed a centaur warrior
 13155 | D:13     | Killed a centaur warrior
 13523 | D:13     | Noticed a manticore
 13603 | D:13     | Noticed a deep elf pyromancer
 13613 | D:13     | HP: 4/96 [fire elemental[a deep elf pyromancer] (5)]
 13614 | D:13     | Killed a deep elf pyromancer
 13614 | D:13     | Slain by a manticore

Illustrated notes

Levels and vault maps discovered:
D:1:      dpeg_cavernosity, layout_basic,
          shapermc_ecumenical_altar_starsandcircs
D:2:      layout_loops_ring
D:3:      layout_basic, led_sif_pool
D:4:      minmay_evil_eye, layout_gridville, mainiacjoe_overflow_24_doors,
          okawaru_ov_weapons_minmay, gup_sewer_entry_bowl, serial_glass,
          glass_columns_a, glass_columns_c, glass_columns_b, glass_columns_b,
          glass_columns_b, glass_columns_a, item_on_display_b,
          due_unseen_surprise, minmay_strange_pillars, feat_on_display,
          uniq_sigmund
D:5:      layout_basic, mainiacjoe_overflow_six_doors_small,
          nicolae_wu_jian_glorious_leap, kennysheep_mini, hex_intersection,
          minmay_increasing_density
D:6:      layout_rooms, mainiacjoe_overflow_concentric_impassable,
          chequers_temple_overflow_minitemple, minmay_temple_entry_hall,
          minmay_crossroads
D:7:      layout_basic, uniq_prince_ribbit1, uniq_joseph
D:8:      layout_loops_cross, fedhas_altar_4, minivault_26
D:9:      layout_cave_pools, nicolae_hepliaklqana_monster_ancestors,
          lightli_temple_of_fire, erik_lair_orcish_takeover,
          kennysheep_small_spiral, uniq_psyche
D:10:     layout_big_octagon, nicolae_overflow_crystal_walls, vehumet_statue
D:12:     layout_basic, orc_david_3, serial_shops, shop, st_stairs_7
D:13:     layout_basic, serial_shops, shop, chequers_serial_rivers_marsh
Temple:   corrupted_temple

Skill      XL: |  1  2  3  4  5  6  7  8  9 10 11 |
---------------+----------------------------------+-----
Fighting       | 1 2 3 4 5 |  5.9
Poison Magic   | 4 5 6 9 10 | 10.0
Transmutations | 2 3 4 5 |  5.0
Spellcasting   | 3 4 5 6 |  6.6
Stealth        | 3 4 5 6 7 8 |  8.2
Unarmed Combat | 1 2 3 4 5 |  5.8
Dodging        | 3 4 5 6 |  6.7
Air Magic      | 1 3 |  3.0
Evocations     | 1 2 4 5 |  5.3
Conjurations   | 1 2 |  2.0

Action                   |  1- 3 |  4- 6 |  7- 9 | 10-12 || total
-------------------------+-------+-------+-------+-------++-------
Melee: Unarmed           |    46 |   104 |   106 |       ||   256
       Constrict         |    15 |    21 |    30 |    11 ||    77
       Tentacles         |     9 |    12 |    29 |    18 ||    68
       Long sword        |       |       |    80 |   107 ||   187
       Punch             |       |       |     2 |     1 ||     3
 Cast: Sting             |    54 |    42 |    29 |     2 ||   127
       Poisonous Vapours |       |    19 |    28 |    13 ||    60
       Olgreb's Toxic Ra |       |       |    11 |    24 ||    35
       Mephitic Cloud    |       |       |       |     3 ||     3
Invok: Recall Ancestor   |       |       |       |     2 ||     2
Evoke: Wand              |       |       |     1 |     3 ||     4
  Use: Scroll            |       |     7 |     4 |     4 ||    15
       Potion            |       |     3 |     2 |     2 ||     7
 Stab: Sleeping          |     1 |     3 |     5 |     5 ||    14
       Invisible         |       |       |     3 |       ||     3
       Confused          |       |       |       |     3 ||     3
Armor: Skin              |     2 |    26 |    32 |    45 ||   105
Dodge: Dodged            |    42 |    71 |   145 |    96 ||   354
       Rpst.: Long sword |       |       |    24 |    26 ||    50
